 Dungeon Crawl Stone Soup version 0.30-b1-2-g02819fbbbe (webtiles) character file.

Game seed: 13084033969501628866

47369 raph the Impaler (level 14, -13/114 HPs)
             Began as a Merfolk Gladiator on June 13, 2023.
             Was the Champion of Okawaru.
             Killed by divine providence
             ... invoked by an orc priest
              (15 damage)
             ... on level 1 of the Orcish Mines.
             The game lasted 00:24:39 (19736 turns).

raph the Impaler (Merfolk Gladiator)               Turns: 19736, Time: 00:24:40

Health: -13/114    AC: 14    Str: 14    XL:     14   Next: 41%
Magic:  0/22       EV: 21    Int: 10    God:    Okawaru [******]
Gold:   1079       SH:  0    Dex: 18    Spells: 13/13 levels left

rFire   + . .        a - +5 bardiche (freeze)
rCold   + . .        (shield currently unavailable)
rNeg    . . .        J - +1 steam dragon scales
rPois   +            c - +2 helmet
rElec   .            E - +2 cloak {rPois}
rCorr   .            B - +0 pair of gloves
SInv    .            O - +0 pair of boots
Will    +....        t - amulet of guardian spirit
Stlth   ++           i - ring of protection from fire
HPRegen 0.39/turn    u - ring of protection from cold
MPRegen 0.18/turn

%: guardian spirit
@: no status effects
A: (nimble swimmer 2), mertail
a: Renounce Religion, Heroism, Finesse, Duel


You were on level 1 of the Orcish Mines.
You worshipped Okawaru.
Okawaru was exalted by your worship.
You visited 4 branches of the dungeon, and saw 17 of its levels.

You collected 1123 gold pieces.
You spent 44 gold pieces at shops.

Inventory:

Hand Weapons
 a - a +5 bardiche of freezing (weapon)
 b - the +2 glaive of Sulphur {flame, Fly rPois}
   (Okawaru gifted it to you on level 4 of the Lair of Beasts)

   rPois:     It protects you from poison.
   Fly:       It grants you flight.
 Q - a +1 vampiric glaive
 W - the +4 halberd "Vuucsixt" {flame, rC- Str-4 Int+2 Dex+8}
   (Okawaru gifted it to you on level 2 of the Lair of Beasts)

   Str:       It affects your strength (-4).
   Int:       It affects your intelligence (+2).
   Dex:       It affects your dexterity (+8).
   rC:        It makes you vulnerable to cold.
Missiles
 d - a throwing net
 e - a javelin
 k - 12 curare-tipped darts
 o - 9 boomerangs (quivered)
 p - 21 poisoned darts
 G - 9 silver javelins
 M - a boomerang of dispersal
Armour
 c - a +2 helmet (worn)
 B - a +0 pair of gloves (worn)
 E - a +2 cloak of poison resistance (worn)
 J - +1 steam dragon scales (worn)
 O - a +0 pair of boots (worn)
Jewellery
 i - a ring of protection from fire (left hand)
 t - an amulet of guardian spirit (around neck)
 u - a ring of protection from cold (right hand)
 C - a ring of protection from fire
 I - a ring of ice
 S - a ring of ice
 T - the amulet "Myenomy" {Spirit rPois}
   (You found it on level 3 of the Lair of Beasts)

   [amulet of guardian spirit]

   It causes incoming damage to be divided between your reserves of health and
   magic.
   rPois:     It protects you from poison.
 Y - a ring of protection from cold
Wands
 r - a wand of flame (42)
 D - a wand of iceblast (25)
 K - a wand of quicksilver (2)
 N - a wand of mindburst (16)
Scrolls
 g - 2 scrolls of fear
 y - a scroll of fog
 F - 4 scrolls of teleportation
 L - a scroll of amnesia
 V - a scroll of poison
Potions
 f - a potion of might
 h - 6 potions of haste
 m - 3 potions of mutation
 n - 6 potions of curing
 s - 5 potions of resistance
 v - 2 potions of magic
 w - a potion of attraction
 x - a potion of flight {unknown}
 z - 10 potions of ambrosia
 A - 4 potions of brilliance
 H - 3 potions of lignification
 U - 4 potions of heal wounds
 X - 3 potions of invisibility
Miscellaneous
 j - a lightning rod (4/4)
 Z - a condenser vane (inert)


   Skills:
 + Level 11.7 Fighting
 * Level 19.0 Polearms
 + Level 9.0 Throwing
 + Level 14.2 Dodging
 + Level 11.5 Invocations


You had 13 spell levels left.
You didn't know any spells.
Your spell library contained the following spells:

 Spells                   Type           Power      Damage    Failure   Level
 Necrotise                Necr           0%         1d4       36%         1
 Sting                    Tmut/Pois      0%         1d3       36%         1
 Ensorcelled Hibernation  Hex/Ice        0%         N/A       50%         2
 Lesser Beckoning         Tloc           0%         N/A       50%         2
 Passwall                 Tmut/Erth      0%         N/A       50%         2
 Poisonous Vapours        Pois/Air       0%         N/A       50%         2
 Gell's Gravitas          Tloc           0%         N/A       75%         3
 Swiftness                Air            0%         N/A       75%         3
 Teleport Other           Tloc           0%         N/A       75%         3
 Vampiric Draining        Necr           0%         2d6       75%         3
 Olgreb's Toxic Radiance  Pois           0%         N/A       98%         4
 Agony                    Necr           0%         N/A       100%        5
 Iskenderun's Battlesphe  Conj           0%         2d6       100%        5
 Iron Shot                Conj/Erth      0%         9d1       100%        6
 Spellforged Servitor     Conj/Summ      Unusable   N/A       N/A         7

Dungeon Overview and Level Annotations

Branches:
Dungeon (9/15)             Temple (1/1) D:4            Lair (5/5) D:8
  Swamp (0/4) Lair:2       Spider (0/4) Lair:3          Orc (2/2) D:9
  Slime: Lair:4-5       Elf: Orc:2

Altars:
Ashenzari
Cheibriados
Dithmenos
Elyvilon
Fedhas
Gozag
Hepliaklqana
Kikubaaqudgha
Makhleb
Nemelex Xobeh
Okawaru
Qazlal
Ru
Sif Muna
Trog
Uskayaw
Vehumet
Wu Jian
Xom
Yredelemnul
Zin
The Shining One
Jiyva

Shops:
D:2 *   D:3 (

Annotations:
D:4 2 transporters, NimIero's ghost, amateur AtBe
Lair:4 exclusion: 2 oklob plants


Innate Abilities, Weirdness & Mutations

((You are very nimble when in or above water. (Stealth+, EV+, Speed+++)))
Your lower body shifts to a powerful aquatic tail in water.


Message History

The orc priest closely misses you. The orc completely misses you.
The ettin attacks as you move away!
The ettin hits you with a +0 dire flail of protection!!
The ettin completely misses you. The orc attacks as you move away!
The orc completely misses you.
You slash the orc! You freeze the orc.
You kill the orc!
You hit the ettin but do no damage.
The ettin hits you with a +0 dire flail of protection!
The ettin completely misses you.
You hit the ettin. You freeze the ettin.
The ettin is lightly wounded.
The ettin barely misses you.
The ettin hits you with a +0 dire flail!
* * * LOW HITPOINT WARNING * * *
The orc priest hits you but does no damage.
You hit the ettin. You freeze the ettin.
The ettin is lightly wounded.
The ettin hits you with a +0 dire flail of protection!!
* * * LOW HITPOINT WARNING * * *
The ettin misses you.
The orc priest looks braver for a moment.
You feel much better. The ettin misses you.
The ettin hits you with a +0 dire flail!
* * * LOW HITPOINT WARNING * * *
The orc priest closely misses you.
You slash the ettin! You freeze the ettin.
The ettin is moderately wounded.
The ettin misses you. x2; The orc priest completely misses you.
You slice the ettin!! You freeze the ettin.
The ettin is severely wounded.
The ettin hits you with a +0 dire flail of protection!!
* * * LOW HITPOINT WARNING * * *
The ettin completely misses you. The orc priest misses you.
Blink to where?
Press: ? - help, Dir - move target
As you read the scroll of blinking, it crumbles to dust.
The orc priest invokes the aid of Beogh against you.
Beogh smites you!
You die...

##.....## #......##
###..#...###
##....#..##.##
#............#
##.#........##
#...#.....###
#.........#####
#....@.....##.##
##.#...........#
#.....).......##
##........[...###
#...>C...#......##
#......o..#[#....#
##....#ยง........####
#................#.##
#...................##


You could see an ettin and an orc priest.

Vanquished Creatures
  Fannar (Lair:3)
  2 hydras
  A catoblepas (Lair:5)
  A merfolk avatar (Lair:5)
  5 death yaks (Lair:5)
  Urug (Lair:4)
  A skyshark (Lair:2)
  A pharaoh ant (Lair:2)
  A sea snake (Lair:5)
  A bog body (Lair:2)
  A manticore (Lair:5)
  7 elephants
  4 black mambas
  14 cane toads
  8 komodo dragons
  A queen bee (Lair:2)
  2 hornets (Lair:5)
  Prince Ribbit (D:5)
  A tyrant leech (Lair:5)
  2 wind drakes (Lair:5)
  5 polar bears
  12 blink frogs
  19 dream sheep
  70 yaks
  A spriggan (Lair:4)
  Eustachio (D:6)
  6 wyverns
  3 basilisks
  2 redbacks
  2 steam dragons
  6 swamp worms
  A warg (Orc:1)
  Duvessa (D:6)
  8 water moccasins
  4 orc warriors
  4 black bears
  An ogre (Orc:2)
  22 wolves
  2 centaurs
  A phantom (D:5)
  4 kobold brigands
  Blork the orc (D:6)
  10 bullfrogs
  13 wights (D:8)
  Dowan (D:6)
  25 killer bees
  5 howler monkeys
  3 jellies
  3 electric eels
  3 orc priests
  5 hounds
  Crazy Yiuf (D:6)
  3 sleepcaps
  Natasha (D:2)
  2 iguanas (D:7)
  10 orc wizards
  Terence (D:2)
  6 hell rats (Lair:5)
  Robin (D:2)
  6 gnolls
  7 adders
  4 river rats (D:7)
  2 white imps (D:6)
  2 ufetubi
  4 worms
  4 dart slugs
  15 orcs
  6 endoplasms
  A giant cockroach (D:4)
  14 goblins
  8 hobgoblins
  3 jackals (D:2)
  6 quokkas
  6 ball pythons
  3 bats
  3 frilled lizards
  25 kobolds
  6 rats
450 creatures vanquished.

Vanquished Creatures (others)
  A kobold (D:8)
  26 fungi
  121 plants
  7 withered plants (D:4)
155 creatures vanquished.

Grand Total: 605 creatures vanquished

Notes
Turn   | Place    | Note
-------+----------+-------------------------------------------
     0 | D:1      | raph the Merfolk Gladiator began the quest for the Orb.
     0 | D:1      | Reached XP level 1. HP: 16/16 MP: 1/1
   425 | D:1      | Reached XP level 2. HP: 20/22 MP: 2/2
   586 | D:1      | Reached skill level 5 in Polearms
   751 | D:2      | Found Ogoclan's General Store.
   766 | D:2      | Reached XP level 3. HP: 18/27 MP: 3/3
   815 | D:2      | Bought a potion of curing for 33 gold pieces
   815 | D:2      | Bought a potion of degeneration for 11 gold pieces
  1032 | D:2      | Reached skill level 6 in Polearms
  1200 | D:2      | Noticed Robin
  1213 | D:2      | Reached XP level 4. HP: 30/33 MP: 4/4
  1223 | D:2      | Killed Robin
  1591 | D:2      | Noticed Natasha
  1605 | D:2      | Killed Natasha
  1606 | D:2      | Reached skill level 7 in Polearms
  2180 | D:3      | Reached XP level 5. HP: 38/38 MP: 5/5
  2288 | D:3      | Noticed Terence
  2352 | D:2      | Killed Terence
  2550 | D:3      | Found a sacrificial altar of Ru.
  2611 | D:3      | Found Sait's Weapon Shoppe.
  2940 | D:3      | Reached skill level 8 in Polearms
  3060 | D:3      | Reached XP level 6. HP: 15/44 MP: 6/6
  3633 | D:4      | Found an ancient bone altar of Kikubaaqudgha.
  3640 | D:4      | Reached skill level 9 in Polearms
  3699 | D:4      | Found a staircase to the Ecumenical Temple.
  3802 | Temple   | Entered the Ecumenical Temple
  3911 | Temple   | Became a worshipper of Warmaster Okawaru
  4014 | D:4      | Found a sparkling altar of Nemelex Xobeh.
  4565 | D:4      | Reached skill level 1 in Invocations
  4635 | D:4      | Found a transporter.
  4639 | D:4      | Found a transporter.
  4640 | D:4      | Noticed NimIero's ghost (amateur AtBe)
  4640 | D:4      | Identified the +0 giant spiked club of the Vendetta
                  | {freeze, rF+ rC- Str+5 Dex+2}
  4681 | D:5      | Entered Level 5 of the Dungeon
  4687 | D:5      | Reached XP level 7. HP: 45/51 MP: 7/7
  5122 | D:5      | Reached * piety under Okawaru
  5123 | D:5      | Reached skill level 10 in Polearms
  5203 | D:5      | Reached skill level 5 in Dodging
  5488 | D:5      | Noticed Prince Ribbit
  5504 | D:5      | Killed Prince Ribbit
  5505 | D:5      | Reached XP level 8. HP: 60/60 MP: 8/10
  5863 | D:5      | Reached ** piety under Okawaru
  6000 | D:6      | Noticed Duvessa
  6001 | D:6      | Noticed Dowan
  6021 | D:6      | Killed Duvessa
  6028 | D:6      | Killed Dowan
  6073 | D:6      | Noticed Eustachio
  6075 | D:6      | Noticed Blork the orc
  6081 | D:6      | Killed Eustachio
  6082 | D:6      | Reached skill level 11 in Polearms
  6086 | D:6      | Killed Blork the orc
  6415 | D:6      | Reached XP level 9. HP: 62/67 MP: 10/12
  6577 | D:6      | Reached skill level 5 in Fighting
  6591 | D:6      | Reached skill level 12 in Polearms
  6596 | D:6      | Reached *** piety under Okawaru
  6628 | D:6      | Reached skill level 5 in Invocations
  6868 | D:6      | Found a runed translucent door.
  6869 | D:6      | Noticed Crazy Yiuf
  6878 | D:6      | Killed Crazy Yiuf
  7001 | D:7      | Found a bloodstained altar of Trog.
  7385 | D:7      | Reached skill level 13 in Polearms
  7631 | D:7      | Identified the +0 robe of Impermeability {rPois Dex+3}
  7899 | D:8      | Reached XP level 10. HP: 56/74 MP: 8/14
  7916 | D:8      | Reached **** piety under Okawaru
  8229 | D:8      | Found a staircase to the Lair.
  8286 | D:8      | Reached skill level 14 in Polearms
  8617 | D:8      | Found an opulent altar of Gozag.
  8618 | D:8      | Found a glowing silver altar of Zin.
  8644 | D:8      | Identified the +7 dagger "Xomaaxof" {holy, rElec rF+}
  9131 | D:8      | Found a shimmering altar of Xom.
  9242 | Lair:1   | Entered Level 1 of the Lair of Beasts
  9349 | Lair:1   | Reached ***** piety under Okawaru
  9635 | Lair:1   | Noticed a cane toad
  9641 | Lair:1   | Received a gift from Okawaru
  9642 | Lair:1   | Reached XP level 11. HP: 72/84 MP: 12/16
  9645 | Lair:1   | Reached skill level 15 in Polearms
 10279 | Lair:2   | Received a gift from Okawaru
 10304 | Lair:2   | Reached skill level 10 in Dodging
 11015 | Lair:2   | Noticed a skyshark
 11017 | Lair:2   | Noticed a bog body
 11028 | Lair:2   | Killed a skyshark
 11029 | Lair:2   | Killed a bog body
 11281 | Lair:2   | Found a staircase to the Swamp.
 11291 | Lair:2   | Reached skill level 16 in Polearms
 11417 | Lair:2   | Reached skill level 5 in Throwing
 11551 | Lair:2   | Identified the +6 broad axe "Goer" {freeze, *Noise rCorr
                  | Int+3 Dex+5}
 11557 | Lair:2   | Received a gift from Okawaru
 11596 | Lair:2   | Reached XP level 12. HP: 87/94 MP: 10/18
 12489 | Lair:3   | Noticed Fannar
 12499 | Lair:2   | Reached ****** piety under Okawaru
 12606 | Lair:3   | Found a hole to the Spider Nest.
 12925 | Lair:2   | Identified the +4 halberd "Vuucsixt" {flame, rC- Str-4
                  | Int+2 Dex+8} (Okawaru gifted it to you on level 2 of the
                  | Lair of Beasts)
 12925 | Lair:2   | Received a gift from Okawaru
 13162 | Lair:3   | Killed Fannar
 13675 | Lair:3   | Identified the amulet "Myenomy" {Spirit rPois}
 13717 | Lair:3   | Noticed a four-headed hydra
 13725 | Lair:3   | Killed a one-headed hydra
 13726 | Lair:3   | Reached skill level 10 in Fighting
 14189 | Lair:3   | Reached skill level 10 in Invocations
 14684 | Lair:4   | Reached XP level 13. HP: 104/104 MP: 20/20
 14748 | Lair:4   | Received a gift from Okawaru
 15161 | Lair:4   | Reached skill level 17 in Polearms
 15463 | Lair:4   | Noticed Urug
 15476 | Lair:4   | Killed Urug
 15657 | Lair:4   | Identified the +2 glaive of Sulphur {flame, Fly rPois}
                  | (Okawaru gifted it to you on level 4 of the Lair of Beasts)
 15657 | Lair:4   | Received a gift from Okawaru
 15892 | Lair:4   | Found a viscous altar of Jiyva.
 16413 | Lair:5   | Entered Level 5 of the Lair of Beasts
 16761 | Lair:5   | Identified the scarf of Instinct {shadows, Dex+4} (Okawaru
                  | gifted it to you on level 5 of the Lair of Beasts)
 16761 | Lair:5   | Received a gift from Okawaru
 16779 | Lair:5   | Reached skill level 18 in Polearms
 16953 | Lair:5   | Reached XP level 14. HP: 42/113 MP: 6/22
 18250 | Lair:5   | Identified the +1 trident of the Lame Duck {drain, rPois
                  | Dex+4}
 18864 | D:9      | Found a staircase to the Orcish Mines.
 18940 | D:9      | Identified the +0 chain mail of Negligence {rC+} (Okawaru
                  | gifted it to you on level 9 of the Dungeon)
 18940 | D:9      | Received a gift from Okawaru
 18954 | D:9      | Reached skill level 19 in Polearms
 19255 | Orc:1    | Entered Level 1 of the Orcish Mines
 19713 | Orc:2    | Entered Level 2 of the Orcish Mines
 19735 | Orc:1    | HP: 2/114 [ettin/+0 dire flail of protection (25)]
 19736 | Orc:1    | Killed from afar by an orc priest

Illustrated notes

Levels and vault maps discovered:
D:1:      dpeg_arrival_leaves_temple_mockup, layout_basic, columned_hall_lemuel
D:2:      layout_loops_corners, serial_forest, infiniplex_forest_straight_2,
          infiniplex_forest_end_3, infiniplex_forest_straight_3,
          infiniplex_forest_lined_corner, infiniplex_forest_lined_3,
          infiniplex_forest_pool, infiniplex_forest_diagonal,
          infiniplex_forest_straight_5, serial_shops, nicolae_diamond_shop,
          uniq_natasha, uniq_robin
D:3:      layout_rooms, lemuel_round_altar, serial_shops, shop, uniq_terence
D:4:      layout_loops_ring, kiku_gazebo_garden_becter, kennysheep_mini,
          minmay_temple_entry_statues, enter_ossuary_5, gammafunk_ghost_smash
D:5:      layout_basic, uniq_prince_ribbit1
D:6:      layout_rooms, uniq_eustachio, uniq_blork_the_orc, uniq_duvessa,
          uniq_crazy_yiuf_cottage
D:7:      wad_woods_stonehenge, layout_basic
D:8:      layout_loops_ring, tgw_xom, grunt_temple_overflow_gold_and_silver,
          lair_entry_dummy
D:9:      layout_loops_ring, orc_0_dummy, serial_bayou, serial_bayou_pond_d,
          serial_bayou_pond_b, serial_bayou_shore_b, serial_bayou_pond_b,
          serial_bayou_crossing
Temple:   kb_temple_of_zot
Lair:1:   layout_chaotic_city, serial_bayou_ford_a, serial_bayou_pond_e,
          beast_lair_carwin_8
Lair:2:   layout_long_grid, nicolae_swamp_entry_splash_gauntlet, special_room
          [special_room_bee], lemuel_fruit_fields
Lair:3:   layout_hall_layers, nicolae_spider_entry_lesser_pyramids,
          grunt_megastairs_5, uniq_fannar
Lair:4:   layout_loops_ring, minmay_slime_entry_oklob_enclosed,
          grunt_forest_stairs_clearing, uniq_urug
Lair:5:   gammafunk_lair_ancient_temple, layout_long_grid,
          grunt_forest_stairs_basic, worms_lemuel
Orc:1:    dreamdust_wu_jian_sword_trials, layout_caves,
          david_defended_altar_orc, uniq_maurice, uniq_snorg, uniq_erica,
          uniq_jorgrun
Orc:2:    grunt_orc_tribal_feast, layout_diamond_mine

Skill      XL: |  1  2  3  4  5  6  7  8  9 10 11 12 13 14 |
---------------+-------------------------------------------+-----
Polearms       | 5 6 7 8 9 10 11 13 14 16 18 19 | 19.0
Invocations    | 1 2 4 5 7 8 10 11 | 11.5
Fighting       | 3 4 6 7 8 10 11 | 11.7
Dodging        | 5 6 8 9 11 12 13 14 | 14.2
Throwing       | 3 5 7 8 9 |  9.0

Action                     |  1- 3 |  4- 6 |  7- 9 | 10-12 | 13-15 || total
---------------------------+-------+-------+-------+-------+-------++-------
  Melee: Trident           |   110 |   226 |       |       |       ||   336
         Punch             |       |     4 |       |       |       ||     4
         Halberd           |       |    10 |   251 |   388 |       ||   649
         Tailslap          |       |       |       |     4 |    16 ||    20
         Glaive            |       |       |       |   334 |    13 ||   347
         Bardiche          |       |       |       |       |   463 ||   463
  Throw: Dart              |       |     1 |    13 |    14 |       ||    28
         Javelin           |       |     1 |     1 |       |       ||     2
         Throwing net      |       |     1 |     2 |       |       ||     3
         Boomerang         |       |       |       |       |     6 ||     6
 Invoke: Heroism           |       |       |       |     3 |     3 ||     6
         Finesse           |       |       |       |     1 |     2 ||     3
  Evoke: Condenser vane    |       |       |       |       |     1 ||     1
    Use: Scroll            |       |    10 |    10 |     9 |     3 ||    32
         Potion            |       |       |     1 |     1 |     1 ||     3
   Stab: Sleeping          |     2 |     2 |     1 |     1 |     1 ||     7
         Held in net/web   |       |     1 |       |       |       ||     1
         Distracted        |       |       |     1 |     4 |     1 ||     6
 Armour: Leather armour    |    25 |    54 |    60 |       |       ||   139
         Steam dragon scal |       |       |     1 |   135 |    68 ||   204
  Dodge: Dodged            |    45 |   122 |   151 |   591 |   380 ||  1289
